 Dungeon Crawl Stone Soup version 0.16-a0-1157-gec61f8e (webtiles) character file.

305962 Ratboiler the Tortoise (level 20, -21/195 HPs)
             Began as a Minotaur Death Knight on Oct 6, 2014.
             Was the Champion of Yredelemnul.
             Killed from afar by a fire giant (56 damage)
             ... with a fireball
             ... on level 5 of the Vaults on Oct 8, 2014.
             The game lasted 03:49:01 (50446 turns).

Ratboiler the Tortoise (Minotaur Death Knight)     Turns: 50446, Time: 03:49:03

Health: -21/195    AC: 27    Str: 31    XL:     20   Next: 29%
Magic:  27/29      EV: 35    Int:  8    God:    Yredelemnul [******]
Gold:   3459       SH:  9    Dex: 25    Spells: 4 memorised, 12 levels left

rFire  . . .     SeeInvis +     a - +2 demon whip (freeze)
rCold  + . .     Clarity  .     h - +3 scale mail {MR+}
rNeg   . . .     SustAb   .     y - +0 buckler "Kluel" {rC+ SInv}
rPois  .         Gourm    .     R - +2 hat {MR+}
rElec  .         Spirit   .     t - +1 cloak
rCorr  .         Warding  .     o - +2 pair of gloves {Str+3}
rMut   .         Stasis   .     U - +2 pair of boots
MR     +++..                    l - amulet of faith
Stlth  ++........               X - +5 ring of strength
                                f - +4 ring of strength

@: agile, very slightly contaminated, wreathed by umbra, extremely resistant to
hostile enchantments, unstealthy
A: retaliatory headbutt, horns 2, agile 1
a: Animate Dead, Recall Undead Slaves, Injury Mirror, Drain Life, Enslave Soul,
Renounce Religion
}: 2/15 runes: decaying, gossamer


You were on level 5 of the Vaults.
You worshipped Yredelemnul.
Yredelemnul was exalted by your worship.
You were full.

You visited 7 branches of the dungeon, and saw 45 of its levels.
You also visited: Bailey, Ice Cave and Wizlab.

You collected 5882 gold pieces.
You spent 2423 gold pieces at shops.

Inventory:

Hand weapons
 a - a +2 demon whip of freezing (weapon)
Missiles
 x - 8 javelins (quivered)
Armour
 h - a +3 scale mail of magic resistance (worn)
 o - a +2 pair of gloves of strength (worn)
 t - a +1 cloak (worn)
 y - the +0 buckler "Kluel" (worn) {rC+ SInv}
   (You bought it in a shop on level 3 of the Orcish Mines)

   It protects you from cold.
   It enhances your eyesight.
 B - a +0 shield of reflection
 R - a +2 hat of magic resistance (worn)
 U - a +2 pair of boots (worn)
Magical devices
 i - a wand of invisibility (0)
 m - a wand of heal wounds (0)
 r - a wand of disintegration (11)
 v - a wand of fireball (2)
 L - a wand of digging (6)
 T - a wand of draining (1)
Comestibles
 c - 19 bread rations
Scrolls
 d - 3 scrolls of enchant armour
 j - 4 scrolls of fog
 k - 7 scrolls of blinking
 q - 8 scrolls of teleportation
 E - 5 scrolls of magic mapping
 K - a scroll of vulnerability
 M - a scroll of identify
 S - 4 scrolls of remove curse
 Z - 5 scrolls of fear
Jewellery
 f - a +4 ring of strength (left hand)
 l - an amulet of faith (around neck)
 n - an uncursed ring of positive energy
 C - an uncursed amulet of resist mutation
 D - an uncursed ring of see invisible
 F - an uncursed ring of protection from cold
 H - an uncursed amulet of clarity
 Q - an uncursed ring of fire
 V - an uncursed amulet of regeneration
 W - an uncursed amulet of resist corrosion
 X - a +5 ring of strength (right hand)
Potions
 e - 3 potions of flight
 g - 5 potions of agility
 p - 5 potions of might
 u - 15 potions of curing
 w - 4 potions of restore abilities
 z - 3 potions of brilliance
 G - 5 potions of heal wounds
 I - a potion of invisibility
 J - a potion of magic
 N - 3 potions of cancellation
 O - 4 potions of berserk rage
 P - a potion of resistance
 Y - 3 potions of haste
Books
 b - a book of Control

   Spells                             Type                      Level
   Control Teleport                   Charms/Translocation         4
   Control Undead                     Necromancy                   4
   Enslavement                        Hexes                        4
   Metabolic Englaciation             Hexes/Ice                    5
   Mass Confusion                     Hexes                        6
Rods
 s - a +1 rod of ignition (9/9)
   (You found it on level 3 of the Swamp)
 A - a +2 rod of shadows (12/12)
   (You took it off a deep elf demonologist on level 3 of the Elven Halls)


   Skills:
 + Level 20.4 Fighting
 - Level 12.1 Maces & Flails
 + Level 20.6 Armour
 + Level 18.9 Dodging
 - Level 15.0 Shields
 - Level 10.4 Invocations


You had 12 spell levels left.
You knew the following spells:

 Your Spells              Type           Power        Failure   Level  Hunger
a - Apportation           Tloc           #.........   43%         1    ##.....
b - Blink                 Tloc           N/A          69%         2    ###....
c - Flight                Chrm/Air       #.........   95%         3    ####...
d - Summon Butterflies    Summ           #.......     43%         1    ##.....


Dungeon Overview and Level Annotations

Branches:
Dungeon (15/15)            Temple (0/1) D:4             Orc (4/4) D:12
    Elf (3/3) Orc:4          Lair (8/8) D:10          Swamp (5/5) Lair:3
 Spider (5/5) Lair:6        Slime (0/6) Lair:6       Vaults (5/5) D:13
  Crypt (0/3) Vaults:3     Depths (0/5) D:15

Altars:
Elyvilon
Fedhas
Kikubaaqudgha
Nemelex Xobeh
Qazlal
Ru
Sif Muna
Trog
Xom

Shops:
D:7 =   D:14 =   Orc:3 [   Orc:4 =***(   Vaults:4 (


Innate Abilities, Weirdness & Mutations

You reflexively headbutt those who attack you in melee.
You have a pair of horns on your head.
You are agile. (Dex +2)


Message History

You hit the fire giant. You freeze the fire giant.
The fire giant is severely wounded.
Your profane servitor barely misses something. x2
The tengu reaver hits your profane servitor with a long sword!!
The tengu reaver pecks your profane servitor.
The tengu reaver misses your profane servitor.
You barely miss the fire giant. You headbutt the fire giant.
The fire giant is severely wounded.
Your profane servitor barely misses the tengu reaver.
Your profane servitor hits the tengu reaver but does no damage.
The titan casts a spell at you. The bolt of lightning hits you!
* * * LOW HITPOINT WARNING * * *
The bolt of lightning hits your skeletal warrior.
Something misses your profane servitor. Something claws your profane servitor.
Something tramples your profane servitor but does no damage.
The fire giant casts a spell at you.
The fireball explodes!
The fireball engulfs you!
You die...
Your body rises from the dead as a mindless zombie.

*,*,*,**,,,,*,,,,,,,,,*,,,,,,,,,*
,*,*,*,*,,,,#..,,*,,,,,,,,,*,,,,,
*,*,*,**,,,,#..,,*,,..,,,,,*,,,,,
,*,*,*,*,,,,#..#####..#,,*****,,*
*,*,*,**,,,,#....#..C...,,,*,,,,,
,*,*,*,*,,,,#....#......,,,*,,,,,
*,*,*,**,,,,#...cQ....#,,,,,,,,,*
,*,*,*,*,,,,#..CA*e...#,,,,,,,,,*
*,*,*,**,,,,###Z@#A.###**,,*,,***
,*,*,*,*,,,,#..zDA)...#,,,.,,,,,*
*,*,*,**,,,,#.)((((...#.....,,,,*
,*,*,*,*,,,,##().((().......,,,,,
*,*,*,*,,,,,*#.(..#####.....*****
,*,*,*,,,,,,#.......#,,,[.),,,*,,
*,*,*,,,,,.....##...#,,,,,,,,,*,,
****,,,,......#######************
,,,,,,,,......,,,,,,,,,,,,,,,,,,,


You could see a titan, a fire giant, a tengu reaver, a yaktaur captain, a deep
elf priest, a friendly bone dragon, 2 friendly profane servitors, a friendly
skeletal warrior and a friendly frost giant zombie.

Vanquished Creatures
  A lich (Vaults:3)
  A tentacled monstrosity (Vaults:5)
  A fire giant (Vaults:4)
  2 deep elf sorcerers
  A frost giant (Vaults:3)
  An emperor scorpion (Spider:5)
  A ghost moth (Spider:5)
  8 vault wardens
  A very ugly thing (Vaults:4)
  2 stone giants
  2 deep elf demonologists
  2 deep elf annihilators
  A fire dragon (D:13)
  2 deep elf death magi (Elf:3)
  An ettin (Vaults:5)
  6 yaktaur captains
  3 great orbs of eyes
  Josephine (D:10)
  6 ironheart preservers
  7 vault guards
  A deep elf high priest (Vaults:5)
  2 ogre magi
  2 hydras
  An ice dragon (Vaults:4)
  4 centaur warriors
  2 alligators (Swamp:4)
  2 dancing weapons (Elf:2)
  4 death yaks
  An orc high priest (Orc:3)
  A catoblepas (Lair:8)
  9 deep elf knights
  2 ice devils (IceCv)
  A shadow wraith (Vaults:3)
  A hell knight (D:15)
  4 deep elf summoners
  2 orb spiders
  6 deep trolls
  A swamp dragon (Swamp:5)
  A spriggan druid (Swamp:4)
  2 unseen horrors
  2 ice statues (IceCv)
  A hill giant (shapeshifter) (Vaults:4)
  A giant orange brain (Vaults:3)
  3 hill giants
  10 deep elf conjurers
  4 orc knights
  8 red wasps
  7 wolf spiders
  A griffon (Vaults:3)
  2 orc sorcerers
  A stone giant zombie (Vaults:1)
  A cyclops (Vaults:1)
  6 ironbrand convokers
  15 ugly things
  A human zombie (Vaults:3)
  8 vault sentinels
  4 elephants
  A small abomination (Elf:1)
  2 black mambas
  3 torpor snails
  A gargoyle (D:15)
  3 kobold demonologists
  20 yaktaurs
  4 demonic crawlers
  9 spiny frogs
  6 komodo dragons
  5 deep elf priests
  8 two-headed ogres
  A freezing wraith (Vaults:3)
  A troll (Vaults:1)
  7 blue devils (IceCv)
  12 slime creatures
  5 jumping spiders
  A giant leech (Swamp:3)
  A bog body (Swamp:5)
  4 boulder beetles
  4 basilisks
  4 ravens
  2 wraiths (D:13)
  9 blink frogs
  2 vampires
  3 tarantellas
  A yak (shapeshifter) (Vaults:3)
  3 wyverns
  13 redbacks
  3 trapdoor spiders
  15 yaks
  Eustachio (D:4)
  14 deep elf magi
  A hippogriff (shapeshifter) (Elf:1)
  A shadow (Swamp:5)
  A hog (shapeshifter) (Vaults:1)
  An electric eel (Spider:2)
  A soldier ant (shapeshifter) (Vaults:4)
  16 vampire mosquitoes
  5 hippogriffs
  A hungry ghost (D:10)
  11 deep elf fighters
  2 steam dragons
  11 swamp worms
  2 soldier ants (Lair:2)
  6 water moccasins
  3 wargs
  5 wolves
  21 spiders
  4 swamp drakes
  16 orc warriors
  7 porcupines
  12 ice beasts
  2 sky beasts
  8 centaurs
  A yellow wasp (Spider:5)
  A boring beetle (Lair:3)
  A human skeleton (Vaults:1)
  3 black bears
  6 ogres
  6 big kobolds
  10 crocodiles
  10 giant frogs
  An insubstantial wisp (Swamp:5)
  A cyclops skeleton (D:15)
  7 scorpions
  A hippogriff zombie (D:13)
  An eye of draining (D:12)
  A troll skeleton (D:9)
  10 killer bees
  8 wights
  3 crimson imps
  2 jellies
  18 orc priests
  4 hounds
  16 worker ants
  A gnoll shaman (D:5)
  6 iguanas
  16 orc wizards
  2 orange rats
  A mottled dragon zombie (D:14)
  12 sheep
  Jessica (D:2)
  A sky beast zombie (D:8)
  3 hound skeletons
  Terence (D:3)
  43 green rats
  A scorpion zombie (D:10)
  22 adders
  2 shadow imps
  2 orc skeletons
  9 gnolls
  15 white imps
  2 worms (D:2)
  5 ufetubi (IceCv)
  An adder skeleton (D:6)
  6 giant geckos
  An ooze (D:1)
  85 orcs
  A ball python (D:6)
  15 bats
  6 giant cockroaches
  24 goblins
  17 hobgoblins
  12 jackals
  10 quokkas
  3 giant newts
  A giant spore (D:14)
  A goblin skeleton (D:5)
  A hobgoblin zombie (D:5)
  28 kobolds
  5 orc zombies
  14 rats
  2 ballistomycetes (D:14)
  2 fungi
  A plant (D:10)
971 creatures vanquished.

Vanquished Creatures (collateral kills)
  Mara (twice) (Spider:4)
  Saint Roka (Vaults:2)
  Sojobo (Vaults:2)
  Nikola (Swamp:1)
  Arachne (Spider:4)
  The ghost of Somebody the Brawler, a mighty TrMo of Ashenzari (Elf:3)
  A tentacled monstrosity (Vaults:5)
  Asterion (Spider:4)
  A deep elf blademaster (Elf:3)
  Frances (Spider:5)
  The ghost of Vidiiot the Prestidigitator, a mighty DrTm of Ashenzari (Swamp:5)
  A balrug (Elf:3)
  Donald (Orc:4)
  6 vault wardens
  Wiglaf (Spider:4)
  5 deep elf sorcerers (Elf:3)
  2 tengu reavers (Vaults:2)
  2 frost giants
  Louise (Swamp:1)
  5 emperor scorpions (Spider:5)
  3 ghost moths (Spider:5)
  2 very ugly things
  A stone giant (Vaults:5)
  4 deep elf demonologists
  A reaper (Vaults:3)
  9 deep elf annihilators (Elf:3)
  Snorg (Orc:4)
  3 deep elf death magi (Elf:3)
  An ettin (D:15)
  9 vault guards
  4 yaktaur captains
  2 great orbs of eyes
  2 fire crabs
  8 ironheart preservers
  4 deep elf high priests (Elf:3)
  Fannar (Orc:4)
  14 hydras
  2 centaur warriors (Vaults:1)
  An ice dragon (Swamp:5)
  A death cob (Spider:4)
  4 shambling mangroves
  2 alligators
  Erica (D:15)
  The ghost of Raxtorm the Basher, an experienced MiFi of Okawaru (D:10)
  A deep troll earth mage (Vaults:2)
  The ghost of nht the Martial Artist, a powerful MfTm of Makhleb (Lair:2)
  13 dancing weapons (Elf:2)
  A vampire mage (Vaults:3)
  A tengu warrior (D:15)
  10 death yaks
  A deep troll shaman (Lair:8)
  6 ogre magi
  5 orc high priests
  A shadow wraith (Vaults:2)
  A catoblepas (D:13)
  A sun demon (Elf:3)
  A skeletal warrior (D:15)
  An unseen horror (shapeshifter) (D:13)
  16 deep elf knights
  An unseen horror (D:15)
  4 deep trolls
  2 wizards (Vaults:3)
  14 orb spiders
  5 deep elf summoners
  7 swamp dragons
  3 spriggan druids (Swamp:5)
  2 lindwurms
  An ice statue (Elf:1)
  7 orc knights
  An oklob plant (Orc:1)
  14 deep elf conjurers
  A necromancer (Vaults:1)
  5 hill giants
  A harpy (shapeshifter) (Vaults:1)
  21 wolf spiders
  5 ironbrand convokers
  The ghost of asdu the Carver, an experienced VSGl of Ru (Lair:2)
  4 griffons
  A phantasmal warrior (Spider:4)
  6 red wasps
  11 elephants
  2 orc sorcerers
  24 ugly things
  3 trolls
  A cyclops (Vaults:2)
  A fire giant skeleton (Vaults:1)
  4 black mambas
  2 moths of wrath (Spider:5)
  11 yaktaurs
  8 vault sentinels
  A guardian serpent (shapeshifter) (Vaults:3)
  2 spiny frogs
  3 orange demons
  An iron devil (Elf:1)
  A queen ant (Lair:2)
  7 komodo dragons
  A smoke demon (Orc:4)
  13 demonic crawlers
  2 tengu conjurers
  A blue devil (Elf:3)
  3 fire drakes
  21 jumping spiders
  A steam dragon (D:10)
  6 two-headed ogres
  2 freezing wraiths (Vaults:3)
  11 deep elf priests
  2 polar bears
  A red devil (Orc:4)
  4 giant leeches
  A jumping spider (shapeshifter) (Vaults:3)
  19 blink frogs
  4 boulder beetles
  7 bog bodies
  13 ravens
  2 shadows
  22 slime creatures
  An elf zombie (Vaults:3)
  A fire giant simulacrum (Vaults:3)
  A raiju (shapeshifter) (Vaults:4)
  A trapdoor spider (shapeshifter) (Elf:2)
  9 trapdoor spiders
  10 yaks
  6 basilisks
  9 wyverns
  13 deep elf magi
  A tarantella (shapeshifter) (Vaults:1)
  31 redbacks
  2 spriggans
  14 tarantellas
  A hill giant zombie (D:9)
  15 hippogriffs
  A hippogriff (shapeshifter) (D:13)
  7 wolves
  2 vampires (Vaults:3)
  21 deep elf fighters
  A golden eye (shapeshifter) (Vaults:4)
  3 wraiths
  5 wargs
  7 vampire mosquitoes
  11 swamp worms
  4 soldier ants (Lair:2)
  3 porcupines
  3 mottled dragons
  A yaktaur simulacrum (Vaults:1)
  14 water moccasins
  30 orc warriors
  16 swamp drakes
  A sky beast (D:8)
  22 spiders
  3 ice beasts
  A necrophage (D:9)
  13 ogres
  A boring beetle (shapeshifter) (Elf:3)
  A phantom (D:8)
  5 yellow wasps
  3 centaurs
  5 giant frogs
  9 crocodiles
  A yaktaur skeleton (Vaults:1)
  A cyclops zombie (D:13)
  12 insubstantial wisps
  A scorpion (D:8)
  A wyvern skeleton (D:7)
  An orc simulacrum (Vaults:1)
  2 yak skeletons (D:10)
  6 wights
  A human simulacrum (Vaults:3)
  4 killer bees
  3 crimson imps
  4 electric eels
  10 hounds
  2 goliath beetles (D:11)
  27 orc priests
  3 jellies
  23 orc wizards
  A yak simulacrum (D:10)
  A black bear skeleton (D:9)
  3 iguanas (Lair:2)
  7 orange rats
  18 sheep
  24 worker ants
  A sky beast zombie (D:11)
  An ogre zombie (D:10)
  A mummy (D:10)
  3 gnolls (D:3)
  13 adders
  32 green rats
  4 white imps (D:11)
  4 giant mites (D:11)
  A worm (D:3)
  3 giant geckos
  2 oozes (Lair:6)
  78 orcs
  A bat (D:9)
  5 giant cockroaches
  A hobgoblin (Orc:1)
  3 jackals
  3 quokkas
  2 ball pythons
  2 giant newts
  3 goblins
  5 kobolds
  5 orc zombies
  A rat (D:2)
  2 bushes (Lair:8)
  A butterfly (D:11)
  6 crawling corpses
  23 fungi
  13 plants
1184 creatures vanquished.

Vanquished Creatures (others)
  2 bone dragons (Elf:3)
  7 ghouls
  7 death cobs
  A deep elf knight (Elf:1)
  7 skeletal warriors
  8 flayed ghosts
  3 ugly thing zombies (Vaults:1)
  An orc sorcerer (Vaults:3)
  A wolf spider zombie (Spider:5)
  7 phantasmal warriors
  3 elf zombies
  2 death yak zombies (Lair:7)
  A swamp worm zombie (Swamp:5)
  4 redback zombies (Spider:5)
  A spectral orc (Elf:1)
  A hydra zombie (Swamp:5)
  A demonic crawler zombie (Spider:4)
  A moth of wrath zombie (Spider:5)
  3 jumping spider zombies (Spider:5)
  A tarantella (Elf:1)
  A boulder beetle (Spider:5)
  9 flying skulls
  A trapdoor spider zombie (Spider:4)
  A redback (Vaults:5)
  A wraith (Lair:5)
  13 vampires
  A deep elf fighter (Elf:3)
  2 giant leech zombies (Swamp:1)
  3 ogre zombies
  4 orb spider zombies (Spider:5)
  2 raven zombies (Swamp:5)
  3 orc warriors (Vaults:3)
  A water moccasin (Lair:6)
  4 vampire mosquito zombies
  6 lost souls (Elf:3)
  A giant frog (Lair:6)
  12 human zombies
  6 yaktaur zombies
  A wyvern zombie (Lair:5)
  A fire crab zombie (Vaults:3)
  9 spider zombies
  A cyclops zombie (Vaults:1)
  2 yak zombies (Lair:7)
  3 hippogriff zombies (Lair:7)
  2 wolf zombies (Lair:8)
  2 wights
  4 two-headed ogre zombies
  5 centaur zombies
  A giant frog zombie (D:10)
  2 human skeletons
  A bog body skeleton (Swamp:1)
  A porcupine zombie (Lair:2)
  A killer bee zombie (D:3)
  A big kobold zombie (Vaults:2)
  A mottled dragon zombie (Vaults:1)
  A sky beast zombie (D:13)
  2 dwarf skeletons (Lair:8)
  An ogre skeleton (Vaults:3)
  4 worker ant zombies
  A scorpion zombie (Spider:3)
  An adder (Lair:6)
  2 white imps (IceCv)
  A worm (D:2)
  3 ufetubi (IceCv)
  4 adder zombies
  An electric eel zombie (D:10)
  3 sheep zombies (Lair:7)
  3 gnoll zombies
  16 green rat zombies
  A giant cockroach zombie (D:5)
  2 giant gecko zombies (D:3)
  A giant spore (D:15)
  A goblin zombie (D:6)
  2 hobgoblin zombies
  4 jackal zombies
  3 kobold zombies
  An orc skeleton (Lair:8)
  15 orc zombies
  A quokka zombie (Lair:6)
  13 fungi
  2 plants
260 creatures vanquished.

Grand Total: 2415 creatures vanquished

Notes
Turn   | Place    | Note
--------------------------------------------------------------
     0 | D:1      | Ratboiler, the Minotaur Death Knight, began the quest for the Orb.
     0 | D:1      | Reached XP level 1. HP: 18/18 MP: 1/1
   291 | D:1      | Reached XP level 2. HP: 25/25 MP: 1/1
   581 | D:1      | Reached skill level 3 in Maces & Flails
   958 | D:2      | Reached XP level 3. HP: 25/30 MP: 3/3
  1084 | D:2      | Noticed Jessica
  1094 | D:2      | Killed Jessica
  1194 | D:2      | Acquired Yredelemnul's second power
  1223 | D:2      | Reached skill level 4 in Maces & Flails
  1506 | D:2      | Reached XP level 4. HP: 34/38 MP: 3/3
  1846 | D:2      | Found a sparkling altar of Nemelex Xobeh.
  1876 | D:2      | Found a stormy altar of Qazlal.
  2195 | D:3      | Reached skill level 5 in Maces & Flails
  2206 | D:3      | Reached XP level 5. HP: 10/45 MP: 4/4
  2753 | D:3      | Found a blossoming altar of Fedhas.
  2884 | D:3      | Reached skill level 6 in Maces & Flails
  2884 | D:3      | Reached XP level 6. HP: 48/52 MP: 5/5
  2957 | D:3      | Acquired Yredelemnul's third power
  3093 | D:3      | Noticed Terence
  3556 | D:3      | Reached XP level 7. HP: 21/60 MP: 5/5
  3559 | D:3      | Reached skill level 7 in Maces & Flails
  3930 | D:3      | Killed Terence
  4041 | D:4      | Found a staircase to the Ecumenical Temple.
  4493 | D:4      | Reached skill level 5 in Fighting
  4801 | D:4      | Noticed Eustachio
  4814 | D:4      | Killed Eustachio
  4814 | D:4      | Reached skill level 8 in Maces & Flails
  4814 | D:4      | Reached skill level 5 in Armour
  5125 | D:4      | Reached XP level 8. HP: 69/69 MP: 6/6
  5320 | D:5      | Entered Level 5 of the Dungeon
  5408 | D:5      | Received a gift from Yredelemnul
  5595 | D:5      | Reached skill level 9 in Maces & Flails
  5710 | D:5      | Found a sacrificial altar of Ru.
  7028 | D:6      | Found a deep blue altar of Sif Muna.
  7296 | D:6      | Reached skill level 10 in Maces & Flails
  7533 | D:6      | Acquired Yredelemnul's fourth power
  7554 | D:6      | Got a polished hand axe
  7777 | D:7      | Identified the +3 hand axe "Satug" {venom, Stlth++} (You found it on level 6 of the Dungeon)
  7830 | D:7      | Received a gift from Yredelemnul
  7847 | D:7      | Found Jeilemie's Jewellery Boutique.
  7855 | D:7      | Reached XP level 9. HP: 76/78 MP: 5/7
  8101 | D:7      | Found a bloodstained altar of Trog.
  8224 | D:7      | Found a white marble altar of Elyvilon.
  8393 | D:8      | Received a gift from Yredelemnul
  8545 | D:8      | Reached skill level 11 in Maces & Flails
  8633 | D:8      | Received a gift from Yredelemnul
  8994 | D:8      | Received a gift from Yredelemnul
  9356 | D:9      | Noticed a hill giant
  9361 | D:9      | Found an ancient bone altar of Kikubaaqudgha.
  9363 | D:9      | Killed a hill giant
  9363 | D:9      | Reached skill level 12 in Maces & Flails
  9428 | D:9      | Reached skill level 1 in Shields
  9490 | D:9      | Reached XP level 10. HP: 74/90 MP: 8/8
  9828 | D:10     | Entered Level 10 of the Dungeon
  9828 | D:10     | Noticed Josephine
  9838 | D:10     | Killed Josephine
  9933 | D:10     | Reached skill level 5 in Shields
 10224 | D:10     | Received a gift from Yredelemnul
 10272 | D:10     | Noticed a green ugly thing
 10281 | D:10     | Killed a green ugly thing
 10562 | D:10     | Reached skill level 10 in Armour
 10569 | D:10     | Acquired Yredelemnul's fifth power
 10625 | D:10     | Found a staircase to the Lair.
 10626 | D:10     | Reached skill level 10 in Fighting
 10771 | D:10     | Killed Raxtorm's ghost
 10783 | D:10     | Reached XP level 11. HP: 99/99 MP: 10/10
 11166 | Lair:1   | Entered Level 1 of the Lair of Beasts
 11421 | Lair:1   | Received a gift from Yredelemnul
 12020 | Lair:2   | Noticed asdu's ghost (experienced VSGl)
 12027 | Lair:2   | Killed asdu's ghost
 12071 | Lair:2   | Received a gift from Yredelemnul
 12072 | Lair:2   | Reached skill level 5 in Invocations
 12166 | Lair:2   | Received a gift from Yredelemnul
 12207 | Lair:2   | Noticed nht's ghost (powerful MfTm)
 12214 | Lair:2   | Killed nht's ghost
 12804 | Lair:2   | Received a gift from Yredelemnul
 13075 | Lair:2   | Received a gift from Yredelemnul
 13130 | Lair:2   | Received a gift from Yredelemnul
 13405 | Lair:2   | Reached skill level 5 in Dodging
 13524 | Lair:2   | Received a gift from Yredelemnul
 13600 | Lair:2   | Reached XP level 12. HP: 110/110 MP: 19/19
 13691 | Lair:2   | Upgraded the game from 0.16-a0-1120-gd281f79 to 0.16-a0-1132-gad589c6
 13913 | Lair:3   | Received a gift from Yredelemnul
 14011 | Lair:3   | Found a staircase to the Swamp.
 15295 | Lair:4   | Reached skill level 10 in Dodging
 15295 | Lair:4   | Reached XP level 13. HP: 116/116 MP: 21/21
 16404 | Lair:5   | Received a gift from Yredelemnul
 17052 | Lair:6   | Received a gift from Yredelemnul
 17120 | Lair:6   | Got a pitted scale mail
 17127 | Lair:6   | Found a staircase to the Slime Pits.
 17163 | Lair:6   | Identified the +1 scale mail of Lawegaot {Dex+1 Int+1 Curse} (You found it on level 6 of the Lair of Beasts)
 17301 | Lair:6   | Found a hole to the Spider Nest.
 17365 | Lair:6   | Received a gift from Yredelemnul
 17795 | Lair:6   | Received a gift from Yredelemnul
 17946 | Lair:7   | Received a gift from Yredelemnul
 18153 | Lair:7   | Reached skill level 10 in Invocations
 18312 | Lair:7   | Received a gift from Yredelemnul
 18446 | Lair:7   | Reached XP level 14. HP: 117/127 MP: 24/24
 18821 | Lair:8   | Entered Level 8 of the Lair of Beasts
 18877 | Lair:8   | Received a gift from Yredelemnul
 18911 | Lair:8   | Reached skill level 13 in Armour
 19104 | Lair:8   | Identified a scroll of acquirement
 19400 | Lair:8   | Received a gift from Yredelemnul
 19555 | Lair:8   | Received a gift from Yredelemnul
 20129 | Lair:8   | Received a gift from Yredelemnul
 20431 | D:11     | Found a frozen archway.
 20457 | IceCv    | Entered an ice cave
 21365 | IceCv    | Reached skill level 10 in Shields
 21365 | IceCv    | Reached XP level 15. HP: 136/136 MP: 25/25
 22283 | D:11     | Identified the Compendium of Dusty Transmutation (You found it on level 11 of the Dungeon)
 22452 | D:12     | Received a gift from Yredelemnul
 22642 | D:12     | Found a staircase to the Orcish Mines.
 22662 | Orc:1    | Entered Level 1 of the Orcish Mines
 23052 | Orc:2    | Found a flagged portal.
 23076 | Bailey   | Entered a bailey
 23236 | Bailey   | Received a gift from Yredelemnul
 24049 | Orc:4    | Entered Level 4 of the Orcish Mines
 24049 | Orc:4    | Noticed Donald
 24060 | Orc:4    | Killed Donald
 24061 | Orc:4    | Noticed Fannar
 24068 | Orc:4    | Killed Fannar
 24069 | Orc:4    | Received a gift from Yredelemnul
 24134 | Orc:3    | Found Ocogaitt's Antique Armour Boutique.
 24333 | Orc:4    | Found a staircase to the Elven Halls.
 24344 | Orc:4    | Noticed Snorg
 24356 | Orc:4    | Killed Snorg
 24359 | Orc:4    | Received a gift from Yredelemnul
 24418 | Orc:4    | Found Ijovvat's Antique Weapon Boutique.
 24456 | Orc:4    | Received a gift from Yredelemnul
 24497 | Orc:4    | Found Eppa's General Store.
 24502 | Orc:4    | Found Bearaih's Assorted Antiques.
 24502 | Orc:4    | Found Mnabiawu's General Store.
 24503 | Orc:4    | Found Ruhyitymm's Jewellery Shoppe.
 24568 | Orc:4    | Bought a cursed amulet of inaccuracy for 36 gold pieces
 24572 | Orc:4    | Bought a scroll labeled MAOCIM MNOOREA for 25 gold pieces
 24572 | Orc:4    | Bought a twisted glass wand for 100 gold pieces
 24572 | Orc:4    | Bought a scroll of identify for 50 gold pieces
 24582 | Orc:4    | Bought a scroll of magic mapping for 49 gold pieces
 24582 | Orc:4    | Bought a scroll of teleportation for 42 gold pieces
 24582 | Orc:4    | Bought an uncursed amulet of rage for 560 gold pieces
 24582 | Orc:4    | Bought a scroll of identify for 28 gold pieces
 24660 | Orc:3    | Bought a pitted buckler for 313 gold pieces
 24660 | Orc:3    | Bought an ancient buckler for 313 gold pieces
 24672 | Orc:3    | Identified the cursed +2 buckler of Resilience {Str-3 Dex+2} (You bought it in a shop on level 3 of the Orcish Mines)
 24688 | Orc:3    | Identified the +0 buckler "Kluel" {rC+ SInv} (You bought it in a shop on level 3 of the Orcish Mines)
 24698 | Orc:3    | Bought a glowing plate armour for 759 gold pieces
 24726 | Orc:3    | Bought a runed chain mail for 148 gold pieces
 25006 | Orc:4    | Found a shimmering altar of Xom.
 26031 | D:13     | Received a gift from Yredelemnul
 26072 | D:13     | Found a sparkling altar of Nemelex Xobeh.
 26580 | D:13     | Found a gate to the Vaults.
 26585 | D:13     | Learned a level 1 spell: Apportation
 26588 | D:13     | Learned a level 2 spell: Blink
 26597 | D:13     | Learned a level 3 spell: Flight
 27028 | Spider:1 | Entered Level 1 of the Spider Nest
 27282 | Spider:1 | Reached XP level 16. HP: 140/144 MP: 23/26
 27600 | Spider:2 | Reached skill level 14 in Shields
 27698 | Spider:2 | Received a gift from Yredelemnul
 27990 | Spider:2 | Received a gift from Yredelemnul
 28826 | Spider:3 | Reached skill level 15 in Shields
 29014 | Spider:3 | Received a gift from Yredelemnul
 29480 | Spider:4 | Received a gift from Yredelemnul
 29564 | Spider:4 | Noticed Asterion
 29571 | Spider:4 | Killed Asterion
 29613 | Spider:4 | Noticed Arachne
 29620 | Spider:4 | Killed Arachne
 29648 | Spider:4 | Noticed Wiglaf
 29662 | Spider:4 | Killed Wiglaf
 29665 | Spider:4 | Received a gift from Yredelemnul
 29665 | Spider:4 | Received a gift from Yredelemnul
 29779 | Spider:4 | Noticed Mara
 29790 | Spider:4 | Noticed Ratboiler's illusion
 29797 | Spider:4 | Killed Mara
 29798 | Spider:4 | Killed Mara
 29956 | Spider:5 | Entered Level 5 of the Spider Nest
 30133 | Spider:5 | Noticed Frances
 30146 | Spider:5 | Killed Frances
 30147 | Spider:5 | Received a gift from Yredelemnul
 30671 | Spider:5 | Received a gift from Yredelemnul
 30673 | Spider:5 | Reached skill level 15 in Armour
 30709 | Spider:5 | Received a gift from Yredelemnul
 30723 | Spider:5 | Received a gift from Yredelemnul
 31028 | Spider:5 | Got a gossamer rune of Zot
 31331 | Spider:5 | Reached skill level 15 in Fighting
 31931 | Swamp:1  | Entered Level 1 of the Swamp
 31938 | Swamp:1  | Noticed Louise
 31958 | Swamp:1  | Killed Louise
 32328 | Swamp:1  | Noticed Nikola
 32338 | Swamp:1  | Killed Nikola
 32338 | Swamp:1  | Reached XP level 17. HP: 154/156 MP: 25/27
 32740 | Swamp:2  | Received a gift from Yredelemnul
 33568 | Swamp:3  | Got a transparent platinum ring
 33574 | Swamp:3  | Identified the ring of Guakun {Ice +Fly Str+2 Dex-5 SInv} (You found it on level 3 of the Swamp)
 33629 | Swamp:3  | Identified a +1 rod of ignition (9/9) (You found it on level 3 of the Swamp)
 34411 | Swamp:4  | Received a gift from Yredelemnul
 34733 | Swamp:5  | Entered Level 5 of the Swamp
 34744 | Swamp:5  | Reached skill level 16 in Armour
 34888 | Swamp:5  | Received a gift from Yredelemnul
 35000 | Swamp:5  | Got a decaying rune of Zot
 35256 | Swamp:5  | Noticed Vidiiot's ghost (mighty DrTm)
 35268 | Swamp:5  | Killed Vidiiot's ghost
 35340 | Swamp:5  | Received a gift from Yredelemnul
 35665 | Swamp:1  | Received a gift from Yredelemnul
 36203 | D:14     | Reached skill level 15 in Dodging
 36204 | D:14     | Received a gift from Yredelemnul
 36606 | D:14     | Found Qireomef's Jewellery Boutique.
 37115 | D:15     | Entered Level 15 of the Dungeon
 37124 | D:15     | Noticed Erica
 37131 | D:15     | Killed Erica
 37490 | D:15     | Noticed Urug
 37498 | D:15     | Killed Urug
 37498 | D:15     | Enslaved Urug
 38066 | D:15     | Found a staircase to the Depths.
 38576 | Elf:1    | Entered Level 1 of the Elven Halls
 38633 | Elf:1    | Received a gift from Yredelemnul
 38637 | Elf:1    | Your ally Urug died
 38652 | Elf:1    | Reached skill level 17 in Armour
 38745 | Elf:1    | Found a deep blue altar of Sif Muna.
 38914 | Elf:1    | Received a gift from Yredelemnul
 39779 | Elf:2    | Found a magical portal.
 39811 | WizLab   | Entered Wucad Mu's Monastery
 40664 | Elf:2    | Reached XP level 18. HP: 158/170 MP: 27/27
 41262 | Elf:2    | Received a gift from Yredelemnul
 41648 | Elf:3    | Entered Level 3 of the Elven Halls
 41763 | Elf:3    | Reached skill level 18 in Armour
 42224 | Elf:3    | Learned a level 1 spell: Summon Butterflies
 42260 | Elf:3    | Identified a +2 rod of shadows (12/12) (You took it off a deep elf demonologist on level 3 of the Elven Halls)
 42522 | Elf:3    | Received a gift from Yredelemnul
 42645 | Elf:3    | Got a slimy garnet amulet
 42660 | Elf:3    | Got a twitching golden ring
 42715 | Elf:3    | Identified the amulet "Toall" {Inacc Dex-3 Int+4} (You found it on level 3 of the Elven Halls)
 42718 | Elf:3    | Identified the ring "Stypep" {rC+ Stlth-} (You found it on level 3 of the Elven Halls)
 43147 | Elf:3    | Noticed Somebody's ghost (mighty TrMo)
 43161 | Elf:3    | Killed Somebody's ghost
 43728 | Elf:3    | Gained mutation: You are agile. (Dex +2) [potion of beneficial mutation]
 44010 | Orc:1    | Upgraded the game from 0.16-a0-1132-gad589c6 to 0.16-a0-1157-gec61f8e
 44170 | Vaults:1 | Entered Level 1 of the Vaults
 44174 | Vaults:1 | Received a gift from Yredelemnul
 44413 | Vaults:1 | Received a gift from Yredelemnul
 44760 | Vaults:1 | Received a gift from Yredelemnul
 45072 | Vaults:1 | Received a gift from Yredelemnul
 45567 | Vaults:2 | Noticed Sojobo
 45575 | Vaults:2 | Killed Sojobo
 45585 | Vaults:2 | Reached XP level 19. HP: 126/181 MP: 28/28
 45930 | Vaults:2 | Reached skill level 19 in Armour
 45985 | Vaults:2 | Received a gift from Yredelemnul
 46022 | Vaults:2 | Noticed Saint Roka
 46042 | Vaults:2 | Killed Saint Roka
 46261 | Vaults:2 | You fall through a shaft!
 46310 | Vaults:3 | Received a gift from Yredelemnul
 46334 | Vaults:3 | Received a gift from Yredelemnul
 46723 | Vaults:3 | Received a gift from Yredelemnul
 47711 | Vaults:3 | Received a gift from Yredelemnul
 48395 | Vaults:3 | Found a staircase to the Crypt.
 48785 | Vaults:4 | Reached skill level 20 in Armour
 49123 | Vaults:4 | Received a gift from Yredelemnul
 49286 | Vaults:4 | Received a gift from Yredelemnul
 49336 | Vaults:4 | Reached XP level 20. HP: 187/193 MP: 29/29
 49492 | Vaults:4 | Found Sillajae's Antique Weapon Shoppe.
 49728 | Vaults:4 | Received a gift from Yredelemnul
 50378 | Vaults:5 | Entered Level 5 of the Vaults
 50432 | Vaults:5 | Noticed a golden dragon
 50446 | Vaults:5 | Killed from afar by a fire giant

Action                   |  1- 3 |  4- 6 |  7- 9 | 10-12 | 13-15 | 16-18 | 19-21 || total
-------------------------+-------+-------+-------+-------+-------+-------+-------++-------
Melee: Mace              |    88 |   154 |   255 |       |       |       |       ||   497
       Whip              |       |       |   176 |   511 |   745 |       |       ||  1432
       Demon whip        |       |       |       |       |   361 |  1238 |   742 ||  2341
Throw: Javelin           |       |       |       |       |       |     2 |       ||     2
Invok: Animate Remains   |       |    12 |     4 |       |       |       |       ||    16
       Animate Dead      |       |     5 |    33 |    58 |   103 |   169 |    57 ||   425
       Injury Mirror     |       |     3 |       |       |       |       |       ||     3
       Recall Undead Sla |       |       |     2 |     5 |    24 |    42 |     9 ||    82
       Stop Recall       |       |       |       |     1 |     1 |       |       ||     2
       Enslave Soul      |       |       |       |       |       |     1 |       ||     1
       Drain Life        |       |       |       |       |       |       |     1 ||     1
Evoke: Wand              |       |       |     4 |       |     2 |    10 |       ||    16
       Lamp of fire      |       |       |       |       |     1 |       |       ||     1
  Use: Scroll            |       |     2 |    10 |     5 |    16 |    25 |     4 ||    62
       Potion            |       |     2 |     3 |     1 |     1 |     6 |     6 ||    19
 Stab: Distracted        |       |     1 |     2 |     6 |     9 |    27 |    18 ||    63
       Confused          |       |       |     1 |       |     3 |     1 |       ||     5
       Invisible         |       |       |       |       |     2 |       |       ||     2
  Eat: Chunk             |     2 |     5 |     3 |     7 |     8 |     5 |     2 ||    32
       Pizza             |       |     1 |     4 |     8 |     3 |     3 |       ||    19
       Beef jerky        |       |     1 |     2 |     2 |     4 |     3 |     1 ||    13
       Bread ration      |       |       |     1 |       |       |       |     2 ||     3
       Meat ration       |       |       |     1 |       |     4 |    10 |     2 ||    17
       Fruit             |       |       |       |     1 |    13 |     8 |     2 ||    24
       Royal jelly       |       |       |       |       |       |     1 |       ||     1
